 Dungeon Crawl Stone Soup version 0.29-a0-2-g12fcac58f8 (webtiles) character file.

Game seed: 4795107513345748642

26 HallandMoats the Ruffian (level 3, -4/33 HPs)
             Began as a Ghoul Monk on Jan 27, 2022.
             Slain by Sigmund (10 damage)
             ... on level 2 of the Dungeon.
             The game lasted 00:01:13 (890 turns).

HallandMoats the Ruffian (Ghoul Monk)                Turns: 890, Time: 00:01:13

Health: -4/33      AC:  6    Str: 14    XL:     3   Next: 8%
Magic:  2/2        EV: 12    Int:  5    God:
Gold:   53         SH:  5    Dex: 13    Spells: 2/2 levels left

rFire   . . .      SeeInvis .     - Unarmed
rCold   + . .      Faith    .   (no shield)
rNeg    + + +      Spirit   .   a - +0 robe
rPois   ∞          Reflect  +   e - +0 helmet
rElec   .          Harm     .   c - +2 cloak
rCorr   .          Rampage  .   (no gloves)
Will    .....                   (no boots)
Stlth   ++........              f - amulet of reflection
HPRegen 0.00/turn               (no ring)
MPRegen 0.08/turn               (no ring)

@: inhibited regen
A: claws 1, cold resistance 1, negative energy resistance 3, inhibited
regeneration, torment resistance 2
a: no special abilities


You were on level 2 of the Dungeon.
You visited 1 branch of the dungeon, and saw 2 of its levels.

You collected 53 gold pieces.

Inventory:

Armour
 a - a +0 robe (worn)
 c - a +2 cloak (worn)
 e - a +0 helmet (worn)
Jewellery
 f - an amulet of reflection (around neck)
Scrolls
 b - 2 scrolls of identify {unknown}
 g - a scroll of magic mapping {unknown}
Potions
 d - a potion of brilliance {unknown}


   Skills:
 * Level 3.7 Fighting
 + Level 0.5 Armour
 + Level 2.8 Dodging
 - Level 2.1 Stealth
 * Level 3.7 Unarmed Combat
 + Level 0.7 Invocations


You had 2 spell levels left.
You didn't know any spells.
Your spell library was empty.

Dungeon Overview and Level Annotations

Branches:
Dungeon (2/15)

Altars:

Annotations:
D:2 Sigmund


Innate Abilities, Weirdness & Mutations

You thrive by killing the living.
You are immune to poison.
You have sharp fingernails.
Your flesh is cold resistant. (rC+)
You are immune to negative energy. (rN+++)
You do not regenerate when monsters are visible.
You are immune to unholy pain and torment.


Message History

No target in view!
No target in view!
No target in view!
No target in view!
No target in view!
No target in view!
No target in view!
No target in view!
No target in view!
No target in view!
No target in view!
No target in view!
No target in view!
No target in view!
No target in view!
No target in view!
No target in view!
You see here a hobgoblin corpse.
Sigmund the Dreaded comes into view.
He is wielding a +0 scythe.
Sigmund is nearby!
Sigmund is nearby!
Sigmund is nearby!
Sigmund is nearby!
Sigmund mumbles some strange words.
Sigmund flickers and vanishes!
Deactivating autopickup; reactivate with Ctrl-A.
Something hits you.
You closely miss something. Something hits you but does no damage.
You miss something. Something hits you.
You closely miss something. You claw something. You scratch something.
Something hits you but does no damage.
You scratch something. Something hits you!
You scratch something. You closely miss something.
You hear some strange, mumbled words.
A magic dart appears from out of thin air!
The magic dart hits you!
* * * LOW HITPOINT WARNING * * *
You barely miss something. Something hits you!
You die...

#.# #.# .### ##.# .....
## ##..# ..... #.
###...###.....
#.####.............
#..................
###.####.#......#
#..{@......##...# ###
#..........##.#####..
........................
.##......#.#..######...#
....................###
.##.................####
#......#..........###†
#.................##..
#..)......#).#


There were no monsters in sight!

Vanquished Creatures
  A ball python (D:1)
  2 bats
  An endoplasm (D:1)
  A goblin (D:2)
  5 hobgoblins
  5 jackals (D:1)
  3 frilled lizards (D:1)
  3 kobolds (D:2)
  2 rats
23 creatures vanquished.

Notes
Turn   | Place    | Note
-------+----------+-------------------------------------------
     0 | D:1      | HallandMoats the Ghoul Monk began the quest for the Orb.
     0 | D:1      | Reached XP level 1. HP: 19/19 MP: 0/0
   288 | D:1      | Reached XP level 2. HP: 25/26 MP: 1/1
   852 | D:2      | Reached XP level 3. HP: 33/33 MP: 2/2
   878 | D:2      | Noticed Sigmund
   890 | D:2      | Slain by Sigmund

Illustrated notes

Levels and vault maps discovered:
D:1:      lightli_arrival_lavapool, layout_loops_ring, supply_closet_lemuel,
          minmay_tripent
D:2:      layout_rooms, dreamdust_ecumenical_altar_drowned_temple,
          grunt_decor_resistance, uniq_sigmund, uniq_terence

Action                   || total
-------------------------++-------
Melee: Unarmed           ||    76
       Punch             ||     1
 Stab: Sleeping          ||     2
       Distracted        ||     1
Armor: Robe              ||    15
Dodge: Dodged            ||    36
Block: Other             ||    16
       Reflection        ||     2

Table legend: (Time is in decaauts)
 A = Elapsed time spent in this place.
 B = Non-inter-level travel time spent in this place.
 C = Inter-level travel time spent in this place.
 D = Time resting spent in this place.
 E = Time spent auto-exploring this place.
 F = Levels seen in this place.
 G = Mean time per level.
                   A        B        C        D        E       F      G
               +--------+--------+--------+--------+--------+-----+--------+
         Total |    885 |    838 |     47 |      0 |    677 |   2 |  442.5 |
       Dungeon |    885 |    838 |     47 |      0 |    677 |   2 |  442.5 |
               +--------+--------+--------+--------+--------+-----+--------+

Top non-repeatable levels by time:
     D:1: 689 daAuts
     D:2: 195 daAuts
